 Dungeon Crawl Stone Soup version 0.21.1-1-g345015f (webtiles) character file.

3469 Hebeh the Slasher (level 9, -7/86 HPs)
             Began as a Deep Dwarf Fighter on June 17, 2018.
             Was a Believer of Makhleb.
             Impaled on a porcupine's spines (10 damage)
             ... on level 8 of the Dungeon.
             The game lasted 00:28:16 (5492 turns).

Hebeh the Slasher (Deep Dwarf Fighter)              Turns: 5492, Time: 00:28:17

Health: -7/86      AC: 12    Str: 25    XL:     9   Next: 79%
Magic:  3/3        EV:  8    Int: 10    God:    Makhleb [**....]
Gold:   305        SH: 11    Dex: 12    Spells: 8/8 levels left

rFire    . . .     SeeInvis .   u - +1 long sword (vamp)
rCold    + . .     Gourm    .   c - +0 shield
rNeg     . . .     Faith    .   w - +4 scale mail
rPois    .         Spirit   .   i - +0 helmet
rElec    .         Reflect  .   (no cloak)
rCorr    .         Harm     .   (no gloves)
MR       +....                  (no boots)
Stlth    ..........             (no amulet)
HPRegen  0.00/turn              g - +3 ring of strength
MPRegen  0.08/turn              m - ring of protection from cold

@: non-regenerating
A: damage resistance, heal wounds, sense surroundings 2, no regeneration
a: Heal Wounds, Minor Destruction, Renounce Religion


You were on level 8 of the Dungeon.
You worshipped Makhleb.
Makhleb was pleased with you.
You were very hungry.

You visited 1 branch of the dungeon, and saw 8 of its levels.

You collected 305 gold pieces.

Inventory:

Hand Weapons
 a - a +0 war axe
 b - a +3 hand axe
 u - a +1 vampiric long sword (weapon)
 C - a +1 spear of flaming
 D - a +0 flail of protection
Armour
 c - a +0 shield (worn)
 i - a +0 helmet (worn)
 w - a +4 scale mail (worn)
Jewellery
 g - a +3 ring of strength (left hand)
 m - a ring of protection from cold (right hand)
 t - a +1 ring of protection
 F - an uncursed ring of wizardry {unknown}
 G - a +3 ring of dexterity {unknown}
Wands
 A - a wand of digging (13)
Scrolls
 e - 3 scrolls of amnesia {unknown}
 h - 3 scrolls of teleportation
 l - 2 scrolls of fog {unknown}
 p - a scroll of magic mapping {unknown}
 v - a scroll of blinking {unknown}
 y - a scroll of remove curse {unknown}
 B - a scroll of enchant armour {unknown}
 E - a scroll of silence {unknown}
Potions
 d - a potion of might
 j - 3 potions of agility
 k - a potion of invisibility {unknown}
 n - a potion of resistance {unknown}
 o - 2 potions of heal wounds
 q - a potion of berserk rage {unknown}
 x - a potion of brilliance {unknown}
 z - a potion of haste {unknown}
Books
 r - a book of Misfortune

   Spells                             Type                      Level
   a - Confusing Touch                Hexes                        1
   b - Confuse                        Hexes                        3
   c - Gell's Gravitas                Translocation                3
   d - Petrify                        Transmutation/Earth          4
   e - Metabolic Englaciation         Hexes/Ice                    5
   f - Yara's Violent Unravelling     Hexes/Transmutation          5
Comestibles
 f - 6 rations


   Skills:
 + Level 7.1 Fighting
 * Level 7.9 Long Blades
 - Level 7.1 Axes
 - Level 6.0 Armour
 - Level 6.0 Shields


You had 8 spell levels left.
You didn't know any spells.

Dungeon Overview and Level Annotations

Branches:
Dungeon (8/15)             Temple (0/1) D:6
   Lair: D:8-11

Altars:
Fedhas
Gozag
Makhleb
Trog
Xom
Yredelemnul
Zin

Annotations:
D:3 inc's ghost, amateur OpIE
D:6 TheNamelessOne's ghost, novice DDFi


Innate Abilities, Weirdness & Mutations

You are resistant to damage.
You can heal yourself by infusing magical energy.
You passively map the area around you.
You do not regenerate.


Message History

* * * LOW HITPOINT WARNING * * *
You block the yak's attack. You block the porcupine's attack.
You hit the crocodile.
You feel better.
You kill the crocodile!
Makhleb accepts your kill. You block the porcupine's attack.
The yak gores you but does no damage.
The porcupine bites you but does no damage.
You are struck by the porcupine's spines.
You barely miss the porcupine. You block the porcupine's attack.
The yak gores you!
* * * LOW HITPOINT WARNING * * *
You block the porcupine's attack. The porcupine bites you!
* * * LOW HITPOINT WARNING * * *
You slash the porcupine!
The porcupine is almost dead.
The yak gores you but does no damage. The porcupine bites you.
* * * LOW HITPOINT WARNING * * *
The porcupine barely misses you.
You are struck by the porcupine's spines.
You die...

#.##.# ** , ** #.##.#, , , ,
* #.##.# ,** # * *
#.##.######.#.#, +,* .*
#.##......... ,##
.#########.##.(####.####...
....................>....##
* *
.......###.##..#Y###.......
, * #......#
#.##...@r........< .......#
#..<..#r##........ *
.......#########t#......P..
,
...........<..)#r#.....PPP.
............##.#...........,
...>...###.....#P.P....P..P
,, .^.....#
#.##...........r.. ,,
.......# #.# .#♣P......♣P..
.#...#.# #.# ,..P...P...|Pr


You could see a yak, a crocodile and 3 porcupines.

Vanquished Creatures
  2 hippogriffs (D:6)
  9 yaks
  A porcupine (D:8)
  2 orc warriors
  A phantom (D:4)
  2 ogres
  2 crocodiles (D:8)
  A bullfrog (D:7)
  A wyvern zombie (D:7)
  A scorpion (D:5)
  A crimson imp (D:5)
  A bullfrog zombie (D:6)
  3 bullfrog skeletons
  5 hounds
  A jelly (D:5)
  4 orc priests (D:5)
  5 orc wizards
  2 worker ants
  3 hound skeletons
  The ghost of Iko the Bolt Thrower, a weakling VSHu (D:4)
  6 gnolls
  7 adders
  2 oozes
  An adder skeleton (D:4)
  A worm (D:2)
  5 dart slugs
  2 leopard geckos
  23 orcs
  7 bats
  3 giant cockroaches
  8 goblins
  11 hobgoblins
  19 jackals
  A quokka (D:5)
  3 ball pythons
  2 frilled lizards
  12 kobolds
  A leopard gecko skeleton (D:5)
  A leopard gecko zombie (D:6)
  A quokka skeleton (D:5)
  12 rats
176 creatures vanquished.

Vanquished Creatures (others)
  A bush (D:8)
  A fungus (D:8)
2 creatures vanquished.

Grand Total: 178 creatures vanquished

Notes
Turn   | Place    | Note
-------+----------+-------------------------------------------
     0 | D:1      | Hebeh the Deep Dwarf Fighter began the quest for the Orb.
     0 | D:1      | Reached XP level 1. HP: 20/20 MP: 1/1
     6 | D:1      | Noticed a seven-headed hydra
     6 | D:1      | Noticed a salamander
     6 | D:1      | Noticed a polar bear
     7 | D:1      | Noticed a swamp worm
     7 | D:1      | Noticed a hog
    72 | D:1      | Reached XP level 2. HP: 25/27 MP: 2/2
   287 | D:1      | Found a shimmering altar of Xom.
   456 | D:1      | Reached XP level 3. HP: 27/33 MP: 3/3
  1182 | D:2      | Reached XP level 4. HP: 22/42 MP: 4/4
  1195 | D:2      | Found a blossoming altar of Fedhas.
  1532 | D:3      | Noticed inc's ghost (amateur OpIE)
  1811 | D:3      | Reached XP level 5. HP: 40/49 MP: 4/4
  1911 | D:3      | Found a glowing silver altar of Zin.
  1911 | D:3      | Found an opulent altar of Gozag.
  2125 | D:4      | Noticed an ogre
  2149 | D:3      | Killed an ogre
  2149 | D:3      | Reached XP level 6. HP: 29/57 MP: 4/4
  2647 | D:4      | Reached skill level 5 in Axes
  2678 | D:4      | Found a basalt altar of Yredelemnul.
  2805 | D:4      | Reached skill level 5 in Armour
  2805 | D:4      | Reached skill level 5 in Shields
  2805 | D:4      | Reached XP level 7. HP: 44/64 MP: 5/5
  2814 | D:4      | Found a burning altar of Makhleb.
  2823 | D:4      | Became a worshipper of Makhleb the Destroyer
  2852 | D:4      | Noticed Iko's ghost (weakling VSHu)
  2861 | D:4      | Killed Iko's ghost
  2996 | D:4      | Found a bloodstained altar of Trog.
  3029 | D:5      | Entered Level 5 of the Dungeon
  3858 | D:6      | Found a staircase to the Ecumenical Temple.
  4114 | D:6      | Reached * piety under Makhleb
  4137 | D:6      | Noticed a hippogriff
  4189 | D:7      | Reached XP level 8. HP: 71/73 MP: 6/6
  4211 | D:6      | Killed a hippogriff
  4288 | D:6      | Noticed a hippogriff
  4301 | D:6      | Killed a hippogriff
  4301 | D:6      | Reached skill level 5 in Fighting
  4393 | D:6      | Found a burning altar of Makhleb.
  4493 | D:6      | Noticed TheNamelessOne's ghost (novice DDFi)
  4558 | D:7      | Gained mutation: You passively map the area around you. [Deep Dwarf growth]
  4558 | D:7      | Reached XP level 9. HP: 75/82 MP: 6/6
  4559 | D:7      | Reached skill level 5 in Long Blades
  5180 | D:7      | Reached ** piety under Makhleb
  5491 | D:8      | HP: 3/86 [porcupine (2)]
  5492 | D:8      | Impaled on a porcupine's spines

Skill      XL: |  1  2  3  4  5  6  7  8  9 |
---------------+----------------------------+-----
Fighting       | 3 4 5 7 |  7.1
Axes           | 3 4 5 6 7 |  7.1
Shields        | 4 5 6 |  6.0
Armour         | 4 5 6 |  6.0
Long Blades    | 4 7 |  7.9

Action                   |  1- 3 |  4- 6 |  7- 9 || total
-------------------------+-------+-------+-------++-------
Melee: War axe           |   145 |   219 |    59 ||   423
       Hand axe          |       |       |   161 ||   161
       Long sword        |       |       |   131 ||   131
 Abil: Heal Wounds       |       |     7 |    15 ||    22
  Use: Scroll            |       |       |     5 ||     5
  Eat: Chunk             |     1 |     6 |     6 ||    13
       Ration            |       |       |     2 ||     2
Armor: Scale mail        |    75 |    94 |   194 ||   363
Dodge: Dodged            |    52 |    87 |   144 ||   283
Block: Shield            |    99 |   124 |   230 ||   453
       Rpst.: Long sword |       |       |    13 ||    13
